 Dungeon Crawl Stone Soup version 0.28.0-45-g0d030f2227 (webtiles) character file.

Game seed: 750998304429973712

21218 MalarOregon the Fighter (level 12, -1/101 HPs)
             Began as a Palentonga Hedge Wizard on Apr 23, 2022.
             Was an Elder of Qazlal.
             Slain by a blink frog (13 damage)
             ... on level 2 of the Lair of Beasts on Apr 24, 2022.
             The game lasted 00:43:34 (17855 turns).

MalarOregon the Fighter (Palentonga Hedge Wizard)  Turns: 17855, Time: 00:43:35

Health: -1/101     AC: 23    Str: 15    XL:     12   Next: 52%
Magic:  18/24      EV: 14    Int: 17    God:    Qazlal [****..]
Gold:   485        SH:  5    Dex: 11    Spells: 14/28 levels left

rFire   . . .      SeeInvis +   a - +4 quarterstaff
rCold   . . .      Faith    .   (shield currently unavailable)
rNeg    + . .      Spirit   .   C - +2 swamp dragon scales
rPois   +          Reflect  .   g - +1 helmet
rElec   .          Harm     .   z - +2 cloak
rCorr   .          Rampage  .   k - +0 pair of gloves
Will    .....                   (no barding)
Stlth   +.........              (no amulet)
HPRegen 0.26/turn               c - +4 ring of evasion
MPRegen 0.19/turn               l - ring of positive energy

@: freezing walls, repel missiles, curled up
A: large, rugged brown scales 3, see invisible, deformed body, roll 1, armoured
tail, reflexive curl
a: Rolling Charge, Renounce Religion, Upheaval, Elemental Force


You were on level 2 of the Lair of Beasts.
You worshipped Qazlal.
Qazlal was greatly pleased with you.
You visited 3 branches of the dungeon, and saw 13 of its levels.

You collected 569 gold pieces.
You spent 84 gold pieces at shops.


Innate Abilities, Weirdness & Mutations

You are completely covered in rugged brown scales. (AC +3, +7% HP)
You have supernaturally acute eyesight. (SInv)
Armour fits poorly on your strangely shaped body.
You can roll at nearby foes to attack.
You have a long armoured tail.
You curl defensively after being hit. (AC +7*)


   Skills:
 * Level 9.0 Fighting
 * Level 7.4 Staves
 + Level 4.9 Armour
 + Level 5.4 Dodging
 - Level 1.2 Stealth
 * Level 8.7 Spellcasting
 + Level 5.7 Conjurations
 + Level 5.3 Summonings
 - Level 3.0 Translocations
 + Level 3.0 Ice Magic
 - Level 2.0 Air Magic
 - Level 2.0 Poison Magic
 + Level 4.6 Invocations
 + Level 4.0 Evocations


You had 14 spell levels left.
You knew the following spells:

 Your Spells              Type           Power      Damage    Failure   Level
a - Frozen Ramparts       Ice            34%        1d5       16%         3
b - Blink                 Tloc           34%        N/A       8%          2
d - Summon Ice Beast      Ice/Summ       21%        N/A       32%         4
f - Mephitic Cloud        Conj/Pois/Air  18%        N/A       14%         3
x - Call Imp              Summ           25%        N/A       3%          2

Your spell library contained the following spells:

 Spells                   Type           Power      Damage    Failure   Level
 Magic Dart               Conj           100%       1d8       1%          1
 Conjure Flame            Conj/Fire      17%        6-21      17%         3
 Slow                     Hex            28%        N/A       19%         1
 Summon Guardian Golem    Hex/Summ       16%        N/A       19%         3
 Animate Armour           Summ/Erth      32%        N/A       52%         4
 Ice Form                 Ice/Tmut       12%        N/A       67%         4
 Alistair's Intoxication  Tmut/Pois      6%         N/A       97%         5
 Blade Hands              Tmut           3%         N/A       99%         5
 Borgnjor's Vile Clutch   Necr/Erth      3%         N/A       99%         5
 Eringya's Noxious Bog    Tmut/Pois      5%         N/A       100%        6
 Iron Shot                Conj/Erth      8%         9d3       100%        6
 Orb of Destruction       Conj           13%        9d7       100%        7
 Spellforged Servitor     Conj/Summ      13%        N/A       100%        7

Inventory:

Hand Weapons
 a - a +4 quarterstaff (weapon)
   (You found it on level 6 of the Dungeon)
 b - a +2 dagger of draining
   (You took it off an orc wizard on level 5 of the Dungeon)
 e - a +1 whip of flaming
   (You found it on level 7 of the Dungeon)
 i - a +2 falchion of electrocution
   (You found it on level 3 of the Dungeon)
 w - a +0 whip of electrocution
   (You took it off a kobold on level 8 of the Dungeon)
Missiles
 h - 2 throwing nets {!f}
 m - 5 curare-tipped darts {!f}
 r - 27 poisoned darts
Armour
 g - a +1 helmet (worn)
   (You found it on level 1 of the Dungeon)
 k - a +0 pair of gloves (worn)
   (You found it on level 6 of the Dungeon)
 z - a +2 cloak (worn)
   (You took it off Maurice on level 8 of the Dungeon)
 C - +2 swamp dragon scales (worn)
   (You took it off Maggie on level 9 of the Dungeon)
Jewellery
 c - a +4 ring of evasion (left hand)
   (You took it off a kobold on level 1 of the Dungeon)
 l - a ring of positive energy (right hand)
   (You found it on level 7 of the Dungeon)
Wands
 d - a wand of iceblast (1)
   (You bought it in a shop on level 7 of the Dungeon)
 n - a wand of charming (5)
   (You found it on level 10 of the Dungeon)
 t - a wand of flame (20)
   (You found it on level 7 of the Dungeon)
 u - a wand of paralysis (3)
   (You found it on level 8 of the Dungeon)
 x - a wand of acid (7)
   (You found it on level 5 of the Dungeon)
 A - a wand of polymorph (6)
   (You found it on level 9 of the Dungeon)
Scrolls
 v - 5 scrolls of blinking
 B - 2 scrolls of fog
Potions
 o - a potion of ambrosia
 p - a potion of haste {@q3}
 q - a potion of degeneration {unknown}
 s - 2 potions of mutation {!q}
 D - a potion of cancellation {unknown}
 E - a potion of magic {unknown}
Miscellaneous
 f - a lightning rod (4/4) {!a}
   (You found it on level 2 of the Lair of Beasts)

Dungeon Overview and Level Annotations

Branches:
Dungeon (10/15)            Temple (1/1) D:5            Lair (2/6) D:9
    Orc (0/2) D:10
  Swamp: Lair:2-4    Shoals: Lair:2-4     Snake: Lair:2-4    Spider: Lair:2-4

Altars:
Ashenzari
Cheibriados
Dithmenos
Elyvilon
Fedhas
Gozag
Hepliaklqana
Kikubaaqudgha
Makhleb
Nemelex Xobeh
Okawaru
Qazlal
Ru
Sif Muna
Trog
Uskayaw
Vehumet
Wu Jian
Xom
Yredelemnul
Zin
The Shining One
Jiyva

Shops:
D:6 :   D:7 *

Annotations:
D:10 1 runed translucent door, sumwun's ghost, journeyman HOFi

..# ..# .# ##..## .#
#.(..# #.## ###...#
P..# ## ###.#.○#
..## ##
#.##...#F.#.#.#
...##.#
#..F.†.5@.....#
...#.##
##.#.#####☼.#.#
###.<.###..##†## ##
#.......#..###.##..#
....♣.....#......P.#
..##.##...##.##....#
.## ##...### #....#
.########...# ....#
.##...##....#.#
..P...


You could see 2 blink frogs and a friendly crimson imp (summoned).


Message History

The wall freezes the black bear.
The black bear barely misses you.
The black bear claws you but does no damage.
The black bear closely misses you.
You sock the black bear!
Your tail-slap misses the black bear.
The black bear is engulfed in noxious fumes.
The black bear appears confused.
The wall freezes the black bear.
The black bear closely misses you. The black bear misses you.
The black bear barely misses you.
You sock the black bear!
You kill the black bear!
Qazlal accepts your kill.
No target in view!
The frozen ramparts melt away.
You hear a loud, deep croak!
You hear a loud, deep croak!
You hear a croak.
You hear a loud, deep croak!
You hear a loud, deep croak!
A blink frog comes into view.
Found 17 sling bullets.
The blink frog croaks.
A blink frog comes into view.
You sock the blink frog! The blink frog hits you!
A blink frog comes into view.
You sock the blink frog! You tail-slap the blink frog.
The blink frog barely misses you. The blink frog misses you.
You sock the blink frog!
You kill the blink frog!
Qazlal accepts your kill.
You hear a croak.
A blink frog comes into view.
The blink frog is engulfed in freezing vapours.
Your Fighting skill increases to level 9!
Your Evocations skill increases to level 4!
You barely miss the blink frog.
The blink frog blinks! x2
The blink frog hits you but does no damage.
A blink frog comes into view.
The blink frog hits you!
The blink frog blinks!
The blink frog is engulfed in freezing vapours.
The blink frog blinks!
The blink frog hits you.
* * * LOW HITPOINT WARNING * * *
Casting: Mephitic Cloud (dangerous; 14% risk of failure)
Confirm with . or Enter, or press ? or * to list all spells.
Casting: Frozen Ramparts (dangerous; 16% risk of failure)
Press: ? - help, Dir - look around, f - activate The walls around you are covered in ice.
The wall freezes the blink frog. x2; The blink frog seems to slow down.
The blink frog hits you!
* * * LOW HITPOINT WARNING * * *
You sock the blink frog!
The wall freezes the blink frog.
The blink frog blinks!
The wall freezes the blink frog.
The blink frog hits you but does no damage.
The wall freezes the blink frog.
The blink frog seems to slow down.
The blink frog blinks!
You closely miss the blink frog.
The blink frog is no longer moving slowly.
The wall freezes the blink frog.
The blink frog seems to slow down.
The blink frog blinks!
The wall freezes the blink frog.
The blink frog seems to slow down.
The blink frog hits you.
* * * LOW HITPOINT WARNING * * *
The blink frog blinks!
You sock the blink frog!
Your tail-slap misses the blink frog.
The wall freezes the blink frog. x2; The blink frog seems to slow down.
The blink frog blinks!
The wall freezes the blink frog. x2; The blink frog seems to slow down.
The wall freezes the blink frog.
You kill the blink frog!
Qazlal accepts your kill.
The wall freezes the blink frog.
The blink frog seems to slow down.
You block the blink frog's attack.
You barely miss the blink frog.
The wall freezes the blink frog.
You hit the blink frog.
The wall freezes the blink frog. x2
The blink frog seems to slow down.
You closely miss the blink frog.
The wall freezes the blink frog.
The blink frog seems to slow down.
The blink frog hits you!
* * * LOW HITPOINT WARNING * * *
The wall freezes the blink frog.
The blink frog hits you!
* * * LOW HITPOINT WARNING * * *
The blink frog blinks!
You hit the blink frog.
You kill the blink frog!
Qazlal accepts your kill.
Your Ice Magic skill increases to level 3!
The blink frog is no longer moving slowly.
The blink frog blinks!
Casting: Frozen Ramparts (dangerous; 16% risk of failure)
Confirm with . or Enter, or press ? or * to list all spells.
A beastly little devil appears in a puff of flame.
The frozen ramparts melt away.
The blink frog blinks!
Casting: Call Imp (safe; 3% risk of failure)
Confirm with . or Enter, or press ? or * to list all spells.
Casting: Frozen Ramparts (dangerous; 16% risk of failure)
Press: ? - help, Dir - look around, f - activate The walls around you are covered in ice.
The wall freezes the blink frog.
The blink frog blinks!
The wall freezes the blink frog.
The blink frog seems to slow down.
The wall freezes the blink frog.
The blink frog seems to slow down.
You hit the blink frog.
Your tail-slap misses the blink frog.
The wall freezes the blink frog.
The blink frog seems to slow down.
The blink frog hits you!
You die...

Skill      XL: |  1  2  3  4  5  6  7  8  9 10 11 12 |
---------------+-------------------------------------+-----
Conjurations   | 1 2 3 4 5 |  5.7
Summonings     | 1 2 3 4 5 |  5.3
Fighting       | 1 2 3 4 5 6 7 8 9 |  9.0
Dodging        | 2 3 4 5 |  5.4
Armour         | 1 2 3 4 |  4.9
Translocations | 2 3 |  3.0
Spellcasting   | 4 5 6 7 8 |  8.7
Staves         | 2 3 5 6 7 |  7.4
Ice Magic      | 1 2 3 |  3.0
Air Magic      | 1 2 |  2.0
Invocations    | 1 2 4 |  4.6
Evocations     | 1 2 3 4 |  4.0
Poison Magic   | 1 2 |  2.0
Stealth        | |  1.2

Action                   |  1- 3 |  4- 6 |  7- 9 | 10-12 || total
-------------------------+-------+-------+-------+-------++-------
Melee: Dagger            |    52 |       |    26 |       ||    78
       Tailslap          |    13 |    17 |    53 |    95 ||   178
       Mace              |    64 |    14 |       |       ||    78
       Punch             |     1 |       |     5 |       ||     6
       Falchion          |       |   128 |   158 |       ||   286
       Quarterstaff      |       |       |   139 |   568 ||   707
 Cast: Magic Dart        |    35 |     4 |     6 |       ||    45
       Call Imp          |       |     4 |    19 |    13 ||    36
       Mephitic Cloud    |       |       |    10 |    48 ||    58
       Blink             |       |       |       |     1 ||     1
       Frozen Ramparts   |       |       |       |    15 ||    15
       Summon Ice Beast  |       |       |       |     2 ||     2
 Abil: Rolling Charge    |     2 |     1 |     9 |    24 ||    36
Evoke: Wand              |       |       |     2 |     6 ||     8
  Use: Scroll            |     5 |     3 |    11 |     5 ||    24
       Potion            |       |       |     7 |     2 ||     9
 Stab: Sleeping          |     1 |     2 |       |       ||     3
       Distracted        |       |       |     2 |       ||     2
       Confused          |       |       |     5 |    15 ||    20
       Paralysed         |       |       |     2 |     3 ||     5
Armor: Robe              |    54 |    38 |   118 |    70 ||   280
       Swamp dragon scal |       |       |       |   216 ||   216
Dodge: Dodged            |    93 |   111 |   262 |   455 ||   921
Block: Other             |       |       |    10 |   111 ||   121

Levels and vault maps discovered:
D:1:      erik_arrival_blinker_ship, layout_loops_cross,
          shapermc_ecumenical_altar_hornbeckon
D:2:      layout_loops_ring, basic_altar, grunt_ministairs_15
D:3:      layout_loops_corners
D:4:      layout_basic, mainiacjoe_overflow_chevrons
D:5:      layout_basic, minmay_temple_entry_junction_2
D:6:      layout_basic, serial_shops, shop_fountains, minmay_misc_feat_tower
D:7:      layout_gridville, serial_shops, nicolae_square_shop,
          chequers_serial_rivers_micro_c
D:8:      layout_layer_cave, kennysheep_cross_bottleneck, jiyva_altar_1,
          uniq_harold, uniq_maurice, uniq_prince_ribbit1
D:9:      layout_long_grid, minmay_lair_entry_grove, uniq_maggie
D:10:     layout_small_grid, kennysheep_orc_monster_closet_entryway,
          hellmonk_ghost_big_iron
Temple:   mainiacjoe_temple_trianglar_array
Lair:1:   layout_roguey, infiniplex_staircase_pool, grunt_megastairs_3,
          uniq_erica, uniq_sonja, uniq_gastronok
Lair:2:   layout_loops_ring, beast_lair_carwin_8, serial_bayou_shore_b,
          grunt_megastairs_5, infiniplex_staircase_pool_2

Notes
Turn   | Place    | Note
-------+----------+-------------------------------------------
     0 | D:1      | MalarOregon the Palentonga Hedge Wizard began the quest for
                  | the Orb.
     0 | D:1      | Reached XP level 1. HP: 13/13 MP: 4/4
    38 | D:1      | Reached skill level 1 in Conjurations
   265 | D:1      | Found a faded altar of an unknown god.
   427 | D:1      | Reached XP level 2. HP: 21/21 MP: 3/6
   645 | D:1      | Reached skill level 1 in Summonings
   650 | D:1      | Reached skill level 1 in Fighting
   683 | D:1      | Learned a level 2 spell: Blink
   686 | D:1      | Learned a level 2 spell: Call Imp
   984 | D:1      | Reached XP level 3. HP: 27/27 MP: 7/7
  1674 | D:2      | Reached XP level 4. HP: 34/34 MP: 4/9
  1737 | D:2      | Learned a level 3 spell: Mephitic Cloud
  1795 | D:2      | Found a shadowy altar of Dithmenos.
  2246 | D:3      | Reached skill level 2 in Dodging
  2520 | D:3      | Reached skill level 2 in Fighting
  3299 | D:4      | Reached XP level 5. HP: 38/40 MP: 10/10
  3652 | D:3      | Reached skill level 1 in Armour
  3951 | D:4      | Reached skill level 2 in Translocations
  4163 | D:4      | Found a shimmering blue altar of Sif Muna.
  4214 | D:4      | Reached XP level 6. HP: 49/49 MP: 11/11
  4334 | D:4      | Reached skill level 4 in Spellcasting
  4334 | D:4      | Reached skill level 2 in Conjurations
  4528 | D:5      | Entered Level 5 of the Dungeon
  4528 | D:5      | Found a staircase to the Ecumenical Temple.
  4538 | D:5      | Reached skill level 3 in Fighting
  4545 | Temple   | Entered the Ecumenical Temple
  5018 | Temple   | Became a worshipper of Qazlal Stormbringer
  5077 | D:5      | Reached skill level 2 in Summonings
  5220 | D:5      | Gained mutation: You curl defensively after being hit. (AC
                  | +7*) [Palentonga growth]
  5220 | D:5      | Reached XP level 7. HP: 36/55 MP: 7/13
  6018 | D:6      | Reached skill level 2 in Armour
  6024 | D:6      | Reached skill level 4 in Fighting
  6235 | D:6      | Reached skill level 3 in Dodging
  6235 | D:6      | Reached skill level 5 in Spellcasting
  6436 | D:6      | Reached XP level 8. HP: 40/65 MP: 15/15
  6585 | D:6      | Reached skill level 3 in Conjurations
  6843 | D:6      | Reached skill level 1 in Staves
  6849 | D:6      | Reached skill level 5 in Fighting
  6849 | D:6      | Reached skill level 3 in Summonings
  7075 | D:6      | Found Yfraodeu's Book Emporium.
  7675 | D:6      | Reached skill level 2 in Staves
  7681 | D:6      | Reached * piety under Qazlal
  7818 | D:7      | Found Gocsoloo's General Store.
  7831 | D:7      | Bought a wand of iceblast (2) for 84 gold pieces
  7860 | D:7      | HP: 15/66 [ogre/+0 giant club (17)]
  7878 | D:7      | Reached skill level 6 in Spellcasting
  7878 | D:7      | Reached XP level 9. HP: 27/72 MP: 4/18
  8445 | D:7      | Reached skill level 3 in Armour
  8786 | D:7      | You pick up a book of Rime and begin reading...
  8786 | D:7      | You add the spells Frozen Ramparts, Ice Form and Summon Ice
                  | Beast to your library.
  8941 | D:7      | Reached skill level 3 in Staves
  9173 | D:8      | Learned a level 4 spell: Summon Ice Beast
  9442 | D:8      | HP: 15/73 [killer bee (6)]
  9445 | D:8      | HP: 7/73 [killer bee (7)]
  9445 | D:8      | HP: 2/73 [killer bee (5)]
  9450 | D:8      | HP: 16/73 [poisoned by a killer bee]
  9745 | D:8      | Noticed Maurice
  9755 | D:8      | Noticed Harold
  9768 | D:8      | Reached skill level 6 in Fighting
  9770 | D:8      | Reached skill level 4 in Conjurations
  9780 | D:7      | HP: 15/73 [Harold/+0 mace (18)]
  9794 | D:7      | HP: 14/73 [Harold/+0 mace (18)]
  9801 | D:7      | Killed Harold
  9802 | D:7      | Reached skill level 4 in Dodging
  9802 | D:7      | Reached skill level 1 in Ice Magic
  9802 | D:7      | Reached skill level 1 in Air Magic
  9802 | D:7      | Reached skill level 1 in Invocations
  9802 | D:7      | Reached skill level 1 in Evocations
 10088 | D:8      | Killed Maurice
 10089 | D:8      | Reached skill level 1 in Poison Magic
 10089 | D:8      | Reached XP level 10. HP: 78/81 MP: 10/19
 10190 | D:8      | Noticed Prince Ribbit
 10204 | D:8      | Killed Prince Ribbit
 10205 | D:8      | Reached skill level 4 in Staves
 10486 | D:8      | Reached ** piety under Qazlal
 10553 | D:8      | You pick up a book of Dangerous Friends and begin
                  | reading...
 10553 | D:8      | You add the spells Summon Guardian Golem, Orb of
                  | Destruction and Spellforged Servitor to your library.
 10722 | D:8      | You add the spells Alistair's Intoxication, Borgnjor's Vile
                  | Clutch and Eringya's Noxious Bog to your library.
 10753 | D:8      | Found a viscous altar of Jiyva.
 11810 | D:9      | Reached skill level 3 in Translocations
 11828 | D:9      | Reached skill level 4 in Summonings
 11828 | D:9      | Reached skill level 2 in Invocations
 11904 | D:9      | Found a staircase to the Lair.
 11919 | D:9      | Reached skill level 2 in Evocations
 11960 | D:9      | Noticed Maggie
 11969 | D:9      | Killed Maggie
 11970 | D:9      | Reached skill level 7 in Spellcasting
 12417 | D:9      | Reached skill level 7 in Fighting
 12417 | D:9      | Reached skill level 5 in Staves
 12833 | D:10     | Entered Level 10 of the Dungeon
 12849 | D:9      | Reached skill level 2 in Air Magic
 13507 | D:10     | Reached skill level 2 in Poison Magic
 13571 | D:9      | Reached skill level 2 in Ice Magic
 13735 | D:10     | Reached XP level 11. HP: 85/87 MP: 7/21
 13738 | D:10     | Reached *** piety under Qazlal
 14191 | D:9      | HP: 6/89 [gargoyle/stone arrow (21)]
 14194 | D:9      | Reached skill level 4 in Armour
 14194 | D:9      | Reached skill level 3 in Invocations
 14769 | D:10     | Noticed a soul eater
 14850 | D:10     | Found a runed translucent door.
 14850 | D:10     | Noticed sumwun's ghost (journeyman HOFi)
 15059 | D:10     | Found a staircase to the Orcish Mines.
 15195 | Lair:1   | Entered Level 1 of the Lair of Beasts
 15195 | Lair:1   | Noticed Sonja
 15200 | Lair:1   | Killed Sonja
 15201 | Lair:1   | Reached skill level 5 in Conjurations
 15299 | Lair:1   | Noticed a six-headed hydra
 15311 | Lair:1   | Killed a six-headed hydra
 15312 | Lair:1   | Reached skill level 6 in Staves
 15312 | Lair:1   | Reached skill level 3 in Evocations
 15577 | Lair:1   | Learned a level 3 spell: Frozen Ramparts
 15670 | Lair:1   | Reached skill level 8 in Fighting
 15694 | Lair:1   | Reached skill level 8 in Spellcasting
 15902 | Lair:1   | Noticed a five-headed hydra
 15910 | Lair:1   | Killed a five-headed hydra
 15911 | Lair:1   | Reached skill level 5 in Dodging
 16102 | Lair:1   | Noticed Gastronok
 16103 | Lair:1   | Identified a +2 robe of the Archmagi
 16103 | Lair:1   | Noticed Erica
 16133 | Lair:1   | Killed Erica
 16134 | Lair:1   | Reached skill level 4 in Invocations
 16399 | Lair:1   | Killed Gastronok
 16400 | Lair:1   | Reached XP level 12. HP: 51/100 MP: 7/24
 16598 | Lair:1   | Reached skill level 5 in Summonings
 16843 | Lair:1   | You pick up a book of Iron and begin reading...
 16843 | Lair:1   | You add the spells Animate Armour, Blade Hands and Iron
                  | Shot to your library.
 17290 | Lair:2   | Reached skill level 7 in Staves
 17553 | Lair:2   | Noticed a four-headed hydra
 17565 | Lair:2   | Killed a four-headed hydra
 17733 | Lair:2   | Reached **** piety under Qazlal
 17838 | Lair:2   | Reached skill level 9 in Fighting
 17838 | Lair:2   | Reached skill level 4 in Evocations
 17848 | Lair:2   | HP: 18/101 [blink frog (14)]
 17850 | Lair:2   | Reached skill level 3 in Ice Magic
 17855 | Lair:2   | Slain by a blink frog

Vanquished Creatures
  Gastronok (Lair:1)
  Harold (D:7)
  2 hydras
  Erica (Lair:1)
  Sonja (Lair:1)
  Maurice (D:8)
  A gargoyle (D:9)
  An unseen horror (D:10)
  5 cane toads
  A kobold demonologist (D:10)
  3 komodo dragons
  3 trolls (D:10)
  Prince Ribbit (D:8)
  15 blink frogs
  2 basilisks
  11 yaks
  4 wyverns
  2 steam dragons
  11 water moccasins
  3 orc warriors
  A sky beast (D:6)
  4 ice beasts
  7 black bears
  2 necrophages (D:6)
  A wolf (D:9)
  2 centaurs
  A phantom (D:5)
  5 kobold brigands
  5 gnoll sergeants (D:10)
  2 wyvern zombies
  11 bullfrogs
  2 scorpions
  A water moccasin zombie (D:5)
  7 wights
  8 killer bees
  3 electric eels
  A bullfrog skeleton (D:6)
  2 centaur zombies
  A gnoll shaman (D:7)
  A centaur skeleton (D:4)
  4 jellies (D:8)
  3 orc priests
  3 hounds
  2 iguanas (D:6)
  7 orc wizards
  A killer bee zombie (D:7)
  A howler monkey zombie (D:6)
  15 gnolls
  A howler monkey skeleton (D:6)
  12 adders
  A white imp (D:7)
  2 worms
  2 dart slugs
  21 orcs
  12 endoplasms
  3 giant cockroaches
  6 goblins
  8 hobgoblins
  6 jackals
  4 quokkas
  5 ball pythons
  6 bats
  2 frilled lizards
  18 kobolds
  5 rats
287 creatures vanquished.

Vanquished Creatures (collateral kills)
  A hydra (Lair:1)
  Maggie (D:9)
  A water moccasin (D:9)
  2 ogres
  2 orcs
  A kobold (D:4)
8 creatures vanquished.

Vanquished Creatures (others)
  10 fungi
  26 plants
36 creatures vanquished.

Grand Total: 331 creatures vanquished

Table legend:
 A = Non-vault XP
 B = Vault XP
 C = Vault XP percentage of total XP
 D = Non-vault monster count
 E = Vault monster count
 F = Vault count percentage of total count
                 A         B        C        D         E       F
            +---------+---------+-------+---------+---------+-------
      Total |   18897 |   11415 |  37.7 |     235 |      60 |  20.3
            +---------+---------+-------+---------+---------+-------
        D:1 |      48 |       0 |   0.0 |      27 |       0 |   0.0
        D:2 |      48 |      15 |  23.8 |      19 |       2 |   9.5
        D:3 |     157 |       0 |   0.0 |      23 |       0 |   0.0
        D:4 |     232 |       0 |   0.0 |      18 |       0 |   0.0
        D:5 |     444 |       0 |   0.0 |      16 |       0 |   0.0
        D:6 |    1682 |       0 |   0.0 |      23 |       0 |   0.0
        D:7 |     821 |     850 |  50.9 |      14 |       1 |   6.7
        D:8 |    1039 |     910 |  46.7 |      29 |       6 |  17.1
        D:9 |    2068 |    2243 |  52.0 |      16 |      13 |  44.8
       D:10 |    1985 |    1385 |  41.1 |      14 |      20 |  58.8
     Lair:1 |    7203 |    3318 |  31.5 |      26 |       5 |  16.1
     Lair:2 |    3170 |    2694 |  45.9 |      10 |      13 |  56.5
            +---------+---------+-------+---------+---------+-------

Illustrated notes

Table legend:
 A = Kills in this place as a percentage of kills in entire the game.
 B = Kills by you in this place as a percentage of kills by you in the entire game.
 C = Kills by friends in this place as a percentage of kills by friends in the entire game.
 D = Other kills in this place as a percentage of other kills in the entire game.
 E = Experience gained in this place as a percentage of experience gained in the entire game.
 F = Experience gained in this place divided by the number of levels of this place that you have seen.
                   A       B       C       D       E      F
               +-------+-------+-------+-------+-------+----------------------
         Total | 100.0 | 100.0 | 100.0 | 100.0 | 100.0 | 2331.7
       Dungeon |  81.7 |  82.0 |  87.5 |  66.7 |  45.9 | 1392.7
          Lair |  18.3 |  18.0 |  12.5 |  33.3 |  54.1 | 8192.5
               +-------+-------+-------+-------+-------+----------------------

Table legend: (Time is in decaauts)
 A = Elapsed time spent in this place.
 B = Non-inter-level travel time spent in this place.
 C = Inter-level travel time spent in this place.
 D = Time resting spent in this place.
 E = Time spent auto-exploring this place.
 F = Levels seen in this place.
 G = Mean time per level.
                   A        B        C        D        E       F      G
               +--------+--------+--------+--------+--------+-----+--------+
         Total |  18043 |  17510 |    533 |   4017 |  10581 |  13 | 1387.9 |
       Dungeon |  14864 |  14392 |    472 |   3120 |   8779 |  10 | 1486.4 |
        Temple |    500 |    452 |     48 |      0 |    447 |   1 |  500.0 |
          Lair |   2677 |   2664 |     13 |    897 |   1354 |   2 | 1338.5 |
               +--------+--------+--------+--------+--------+-----+--------+

Top non-repeatable levels by time:
     D:9: 2558 daAuts
  Lair:1: 2210 daAuts
     D:8: 2128 daAuts
     D:6: 1883 daAuts
     D:3: 1517 daAuts
     D:7: 1493 daAuts
     D:1: 1207 daAuts
    D:10: 1187 daAuts
     D:5: 1005 daAuts
     D:2: 969 daAuts
     D:4: 912 daAuts
  Temple: 500 daAuts
  Lair:2: 467 daAuts
